 Dungeon Crawl Stone Soup version 0.24-a0-380-g7ade4d1b3c (console) character file.

Game seed: 7789771463915680517

15407 Dragon00 the Cleaver (level 12, -2/110 HPs)
             Began as a Minotaur Berserker on June 2, 2019.
             Was a High Priest of Trog.
             Killed from afar by an orc sorcerer (13 damage)
             ... with a bolt of fire
             ... on level 11 of the Dungeon on June 3, 2019.
             The game lasted 00:48:38 (11999 turns).

Dragon00 the Cleaver (Minotaur Berserker)          Turns: 11999, Time: 00:48:39

Health: -2/110     AC: 16    Str: 22    XL:     12   Next: 1%
Magic:  11/11      EV: 11    Int:  4    God:    Trog [*****.]
Gold:   556        SH:  0    Dex: 15    Spells: 11/11 levels left

rFire    + . .     SeeInvis .   a - +0 battleaxe
rCold    + . .     Gourm    +   (shield currently unavailable)
rNeg     . . .     Faith    .   u - +1 plate armour
rPois    +         Spirit   .   (helmet restricted)
rElec    +         Reflect  .   (no cloak)
rCorr    +         Harm     .   v - +0 pair of gloves
MR       ++...                  (no boots)
Stlth    ..........             J - amulet of the gourmand
HPRegen  1.28/turn              D - ring of stealth
MPRegen  0.12/turn              (no ring)

@: resistant, berserk cooldown, regenerating, slowed, drained, very slow
A: retaliatory headbutt, horns 2
a: Berserk, Trog's Hand, Brothers in Arms, Renounce Religion


You were on level 11 of the Dungeon.
You worshipped Trog.
Trog was extremely pleased with you.
You were not hungry.

You visited 2 branches of the dungeon, and saw 12 of its levels.

You collected 556 gold pieces.

Inventory:

Hand Weapons
 a - a +0 battleaxe (weapon)
 b - a +0 hunting sling
 A - a +0 dire flail
Missiles
 r - 116 sling bullets
Armour
 u - a +1 plate armour (worn)
 v - a +0 pair of gloves (worn)
Jewellery
 D - a ring of stealth (left hand)
 J - an amulet of the gourmand (around neck)
Wands
 f - a wand of iceblast (9)
 s - a wand of paralysis (9)
 w - a wand of enslavement (4)
 x - a wand of disintegration (25)
 y - a wand of flame (33)
 H - a wand of digging (5)
Scrolls
 i - 2 scrolls of fear
 k - a scroll of enchant armour
 l - 5 scrolls of remove curse
 m - 3 scrolls of immolation
 p - 4 scrolls of enchant weapon
 C - 2 scrolls of amnesia {unknown}
 E - a scroll of blinking
Potions
 d - 2 potions of heal wounds {unknown}
 e - 2 potions of cancellation
 g - 2 potions of haste
 h - 2 potions of magic {unknown}
 j - a potion of curing
 n - 9 potions of agility
 o - 2 potions of invisibility {unknown}
 q - 2 potions of resistance
 t - 2 potions of might {unknown}
 z - a potion of lignification {unknown}
 B - a potion of degeneration {unknown}
 F - a potion of flight {unknown}
 G - a potion of berserk rage {unknown}
Comestibles
 c - 22 rations


   Skills:
 + Level 11.1(9.8) Fighting
 * Level 14.3(12.9) Axes
 + Level 10.9(9.6) Armour
 + Level 10.0(8.8) Dodging


You had 11 spell levels left.
You didn't know any spells.
Your spell library was empty.

Dungeon Overview and Level Annotations

Branches:
Dungeon (11/15)            Temple (1/1) D:6            Lair (0/6) D:9
    Orc (0/2) D:10

Altars:
Ashenzari
Cheibriados
Dithmenos
Elyvilon
Fedhas
Gozag
Hepliaklqana
Kikubaaqudgha
Makhleb
Nemelex Xobeh
Okawaru
Qazlal
Ru
Sif Muna
Trog
Uskayaw
Vehumet
Wu Jian
Xom
Yredelemnul
Zin
The Shining One

Shops:
D:5 [   D:6 *   D:8 *


Innate Abilities, Weirdness & Mutations

You reflexively headbutt those who attack you in melee.
You have a pair of horns on your head.


Message History

* * * LOW HITPOINT WARNING * * *
You closely miss the orc sorcerer.
The orc sorcerer is lightly wounded.
The orc sorcerer misses you. You furiously retaliate!
You headbutt the orc sorcerer, but do no damage.
You closely miss the orc sorcerer.
You headbutt the orc sorcerer, but do no damage.
The orc sorcerer is lightly wounded.
The orc sorcerer misses you. The orc sorcerer casts a spell at you.
The bolt of fire hits you!!
* * * LOW HITPOINT WARNING * * *
It was a potion of resistance.
You feel protected.
The orc sorcerer hits you but does no damage.
You closely miss the orc sorcerer.
The orc sorcerer is lightly wounded.
The orc sorcerer casts a spell at you. The bolt of fire hits you! You resist.
You die...

▓≈.........≈+
▓≈.Ψ.._..Ψ.≈▓
▓≈.........≈▓
≈..Ψ...Ψ..≈
▓...Ψ...▓
▓≈▓▓o....▓▓≈▓
▓≈≈≈≈≈)≈≈≈≈≈▓
▓▓▓▓o▓▓▓▓
▓..@....▓
▓.......▓▓▓▓▓
▓.▓.▓.▓.▓...▓
▓.▓)▓^▓.▓.▓.▓
▓.▓)▓.▓.▓)▓.▓
+.▓.▓.▓.–...▓
▓.......▓▓▓▓▓
▓.......▓▓▓▓▓
+.▓.▓.▓.–...▓
▓.▓)▓.▓.▓)▓.▓
▓.▓.▓.▓.▓.▓.▓


You could see an orc sorcerer.

Vanquished Creatures
  A centaur warrior (D:10)
  Erica (D:9)
  A death knight (D:10)
  A two-headed ogre (D:9)
  A vampire mage (D:11)
  A skeletal warrior (D:10)
  A cyclops (D:9)
  3 deep elf magi (D:11)
  4 naga magi (D:11)
  Joseph (D:8)
  2 trolls (D:9)
  Prince Ribbit (D:8)
  Sigmund (D:3)
  A wyvern (D:9)
  A wraith (D:10)
  8 yaks
  A human (D:7)
  A steam dragon (D:9)
  3 hungry ghosts
  4 hogs (D:7)
  A vampire mosquito (D:10)
  An acid dragon (D:10)
  3 porcupines (D:9)
  3 orc warriors
  4 sky beasts
  A black bear (D:9)
  A phantom (D:4)
  9 ogres
  A centaur (D:6)
  3 crocodiles (D:9)
  A big kobold (D:8)
  8 bullfrogs
  3 killer bees (D:10)
  3 howler monkeys
  An electric eel (D:9)
  2 crimson imps
  A bullfrog zombie (D:5)
  2 centaur zombies (D:10)
  A hound (D:8)
  13 orc wizards
  A quasit (D:5)
  2 bullfrog skeletons
  5 orc priests
  3 jellies
  2 centaur skeletons
  3 iguanas
  8 worker ants
  2 killer bee zombies
  A hound zombie (D:6)
  3 hound skeletons
  2 worker ant zombies
  5 gnolls (D:5)
  8 adders
  A howler monkey skeleton (D:8)
  3 shadow imps
  3 adder skeletons
  2 worms
  8 leopard geckos
  25 orcs
  2 ball pythons
  3 bats
  5 giant cockroaches
  4 goblins
  6 hobgoblins
  20 jackals
  6 kobolds
  7 quokkas
  5 frilled lizards
  8 rats
  A fungus (D:9)
  A plant (D:9)
255 creatures vanquished.

Vanquished Creatures (others)
  A naga mage (D:11)
  A yak (D:9)
  12 fungi (D:9)
  3 plants (D:9)
17 creatures vanquished.

Grand Total: 272 creatures vanquished

Notes
Turn   | Place    | Note
-------+----------+-------------------------------------------
     0 | D:1      | Dragon00 the Minotaur Berserker began the quest for the
                  | Orb.
     0 | D:1      | Reached XP level 1. HP: 19/19 MP: 0/0
   255 | D:1      | Reached XP level 2. HP: 22/27 MP: 1/1
   557 | D:2      | Reached skill level 4 in Axes
   559 | D:2      | Found a blossoming altar of Fedhas.
   609 | D:2      | Found a bloodstained altar of Trog.
   663 | D:2      | Reached XP level 3. HP: 31/33 MP: 2/2
  1067 | D:2      | Reached ** piety under Trog
  1104 | D:2      | Found a glowing silver altar of Zin.
  1304 | D:3      | Reached XP level 4. HP: 41/41 MP: 3/3
  1582 | D:3      | Noticed an ogre
  1589 | D:3      | Killed an ogre
  1589 | D:3      | Reached XP level 5. HP: 47/47 MP: 4/4
  1789 | D:3      | Reached skill level 5 in Axes
  1944 | D:3      | Reached skill level 5 in Fighting
  2127 | D:3      | Noticed Sigmund
  2138 | D:3      | Killed Sigmund
  2138 | D:3      | Reached XP level 6. HP: 56/56 MP: 5/5
  2221 | D:3      | Found a deep blue altar of Sif Muna.
  2221 | D:3      | Found a burning altar of Makhleb.
  2621 | D:4      | Noticed an orc warrior
  2628 | D:4      | Killed an orc warrior
  2628 | D:4      | Reached skill level 5 in Armour
  2628 | D:4      | Reached XP level 7. HP: 62/62 MP: 6/6
  2791 | D:4      | Reached skill level 6 in Axes
  3389 | D:5      | Entered Level 5 of the Dungeon
  3535 | D:5      | Reached *** piety under Trog
  3592 | D:5      | Reached skill level 7 in Axes
  3592 | D:5      | Reached skill level 5 in Dodging
  3741 | D:5      | Reached XP level 8. HP: 56/71 MP: 7/7
  3844 | D:5      | Found Icaleole's Antique Armour Shop.
  4774 | D:6      | Found a radiant altar of Vehumet.
  4795 | D:6      | Reached skill level 8 in Axes
  4827 | D:6      | Found Goruitte's General Store.
  4844 | D:6      | Found a staircase to the Ecumenical Temple.
  4853 | Temple   | Entered the Ecumenical Temple
  6087 | D:7      | Reached skill level 9 in Axes
  6156 | D:7      | Reached XP level 9. HP: 79/79 MP: 8/8
  6191 | D:7      | Found a snail-covered altar of Cheibriados.
  6239 | D:7      | Reached **** piety under Trog
  6239 | D:7      | Reached skill level 10 in Axes
  6567 | D:8      | Upgraded the game from 0.24-a0-378-g94936e539c to
                  | 0.24-a0-380-g7ade4d1b3c
  7074 | D:8      | Found Seitaanu's Assorted Antiques.
  7089 | D:8      | Noticed Prince Ribbit
  7107 | D:8      | Killed Prince Ribbit
  7449 | D:8      | Noticed Joseph
  7458 | D:8      | Killed Joseph
  7458 | D:8      | Reached skill level 11 in Axes
  7458 | D:8      | Reached XP level 10. HP: 77/90 MP: 9/9
  7924 | D:9      | Noticed Erica
  8059 | D:9      | Killed Erica
  8218 | D:9      | Reached skill level 12 in Axes
  8411 | D:9      | Found a staircase to the Lair.
  8783 | D:9      | Found a shadowy altar of Dithmenos.
  8804 | D:9      | Noticed a two-headed ogre
  8812 | D:9      | Killed a two-headed ogre
  8812 | D:9      | Reached skill level 10 in Fighting
  8812 | D:9      | Reached XP level 11. HP: 99/99 MP: 10/10
  8890 | D:9      | Found an ornate altar of the Wu Jian Council.
  9556 | D:9      | Found a hide-covered altar of Uskayaw.
  9783 | D:10     | Entered Level 10 of the Dungeon
  9793 | D:10     | Noticed a centaur warrior
  9802 | D:10     | Reached skill level 13 in Axes
  9805 | D:10     | Killed a centaur warrior
  9805 | D:10     | Reached skill level 10 in Armour
  9822 | D:10     | Reached ***** piety under Trog
  9953 | D:10     | Noticed a skeletal warrior
  9974 | D:10     | Killed a skeletal warrior
 10104 | D:10     | Noticed a death knight
 10126 | D:10     | Killed a death knight
 10467 | D:10     | Found a staircase to the Orcish Mines.
 10606 | D:10     | Received a gift from Trog
 11193 | D:11     | Noticed a vampire mage
 11198 | D:11     | Killed a vampire mage
 11199 | D:11     | Noticed a deep elf mage
 11203 | D:11     | Killed a deep elf mage
 11224 | D:11     | Noticed a deep elf mage
 11232 | D:11     | Killed a deep elf mage
 11244 | D:11     | Reached skill level 14 in Axes
 11490 | D:11     | Reached skill level 10 in Dodging
 11970 | D:11     | Found a deep blue altar of Sif Muna.
 11976 | D:11     | Noticed an orc sorcerer
 11976 | D:11     | Noticed a deep elf mage
 11978 | D:11     | Noticed a sixfirhy
 11979 | D:11     | Paralysed by an orc sorcerer for 3 turns
 11982 | D:11     | Killed a deep elf mage
 11982 | D:11     | Reached XP level 12. HP: 100/110 MP: 11/11
 11999 | D:11     | Killed from afar by an orc sorcerer

Levels and vault maps discovered:
D:1:      psy_arrival_statuary, layout_rooms, nrook_mini_vaults
D:2:      layout_loops_ring, lemuel_round_altar, bloody_trog,
          fedhas_ov_isle_minmay
D:3:      layout_basic, gammafunk_temple_overflow_pools, uniq_sigmund
D:4:      layout_loops_corners, hex_medium
D:5:      minmay_razor_zed, layout_gridville, first_ration, serial_shops,
          nicolae_shop_overgrown_old_shop
D:6:      layout_loops_ring, minmay_temple_entry_tees, serial_shops, shop,
          vehumet_altar_wand_db
D:7:      layout_basic, nicolae_overflow_crystal_walls, grunt_livestock,
          kennysheep_generic_room_15
D:8:      layout_loops_ring, serial_shops, shop, uniq_joseph,
          uniq_prince_ribbit1
D:9:      layout_cave_pools, nicolae_dithmenos_the_darkroom,
          lemuel_doored_altar, nicolae_overflow_hidden_temple,
          due_lair_maze_entry_diamond, lightli_minifort, uniq_erica
D:10:     minmay_cut_squares, layout_basic, orc_0_dummy
D:11:     evilmike_library_of_no_secrets, layout_basic
Temple:   eino_narrow_crystal_temple

Skill      XL: |  1  2  3  4  5  6  7  8  9 10 11 |
---------------+----------------------------------+-----
Axes           | 4 5 7 9 11 12 14 | 14.3
Fighting       | 4 5 6 7 8 10 11 | 11.1
Armour         | 3 4 5 7 8 9 10 | 10.9
Dodging        | 3 4 5 6 7 8 10 | 10.0

Action                   |  1- 3 |  4- 6 |  7- 9 | 10-12 || total
-------------------------+-------+-------+-------+-------++-------
Melee: Hand axe          |    52 |   102 |    81 |       ||   235
       Headbutt          |     4 |    23 |    65 |    76 ||   168
       Battleaxe         |       |       |   201 |   290 ||   491
 Fire: Hunting sling     |       |       |       |    42 ||    42
Throw: Stone             |    35 |    31 |    30 |       ||    96
Invok: Berserk           |       |     2 |     2 |     7 ||    11
       Trog's Hand       |       |     3 |     2 |    10 ||    15
  Use: Scroll            |       |       |    14 |     1 ||    15
       Potion            |       |       |     1 |     2 ||     3
  Eat: Chunk             |     1 |     6 |    19 |    25 ||    51
       Ration            |       |       |       |     3 ||     3
Armor: Animal skin       |     7 |       |       |       ||     7
       Ring mail         |     8 |       |       |       ||     8
       Scale mail        |     2 |    39 |       |       ||    41
       Plate armour      |       |       |   167 |   122 ||   289
Dodge: Dodged            |    35 |    39 |   131 |   164 ||   369

Table legend:
 A = Non-vault XP
 B = Vault XP
 C = Vault XP percentage of total XP
 D = Non-vault monster count
 E = Vault monster count
 F = Vault count percentage of total count
                 A         B        C        D         E       F
            +---------+---------+-------+---------+---------+-------
      Total |    8701 |   13310 |  60.5 |     205 |      50 |  19.6
            +---------+---------+-------+---------+---------+-------
        D:1 |      14 |       0 |   0.0 |       9 |       0 |   0.0
        D:2 |      82 |       0 |   0.0 |      18 |       0 |   0.0
        D:3 |     243 |     227 |  48.3 |      32 |       1 |   3.0
        D:4 |     395 |       0 |   0.0 |      12 |       0 |   0.0
        D:5 |     564 |     243 |  30.1 |      21 |       9 |  30.0
        D:6 |     616 |       2 |   0.3 |      13 |       1 |   7.1
        D:7 |     596 |    1092 |  64.7 |      11 |       6 |  35.3
        D:8 |    1109 |     892 |  44.6 |      34 |       3 |   8.1
        D:9 |    3661 |    2860 |  43.9 |      27 |      11 |  28.9
       D:10 |     956 |    3247 |  77.3 |      21 |       9 |  30.0
       D:11 |     465 |    4747 |  91.1 |       7 |      10 |  58.8
            +---------+---------+-------+---------+---------+-------
